Map: Intruso ER

Players

BolinhoFofo - Winner!

  • Race: Protoss Protoss
  • League: Diamond
  • Spawn Location: 5:00

Erik

  • Race: Terran Terran
  • League: Grandmaster
  • Spawn Location: 11:00

Event: BotH

VOD

Have the link to the VOD?

Description

Time

  • Played on: Aug. 19, 2017, 7:14 p.m.
  • Length: 7:04
Show
View Real Time Build Order
Export as new Build Order

BolinhoFofo Protoss - Winner!

Build Orders: 1 Gate Expand, Blink Stalkers 

Get SALT Encoding   

  12  0:01  Probe (Chrono Boost)  
  13  0:11  Probe (Chrono Boost)  
  14  0:17  Pylon  
  14  0:22  Probe (Chrono Boost)  
  15  0:35  Probe (Chrono Boost)  
  16  0:38  Gateway  
  16  0:45  Probe (Chrono Boost)  
  16  0:47  Assimilator  
  17  0:56  Probe (Chrono Boost)  
  18  1:07  Probe (Chrono Boost)  
  19  1:22  Nexus  
  19  1:26  Probe (Chrono Boost)  
  20  1:36  Cybernetics Core  
  20  1:39  Probe (Chrono Boost)  
  21  1:44  Assimilator  
  21  1:50  Probe (Chrono Boost)  
  22  1:55  Pylon  
  22  2:00  Probe (Chrono Boost)  
  23  2:13  Stalker (Chrono Boost), Mothership Core (Chrono Boost)  
  26  2:20  Warp Gate (Chrono Boost)  
  26  2:33  Probe (Chrono Boost)  
  26  2:34  Probe (Chrono Boost)  
  28  2:45  Probe x2 (Chrono Boost), Stalker  
  32  2:53  Twilight Council  
  32  2:55  Probe (Chrono Boost)  
  32  2:56  Probe (Chrono Boost)  
  34  3:05  Probe (Chrono Boost)  
  34  3:07  Probe (Chrono Boost)  
  34  3:10  Robotics Facility  
  36  3:15  Probe  
  36  3:19  Probe  
  38  3:20  Pylon  
  38  3:26  Probe, Stalker  
  40  3:32  Probe  
  42  3:37  Probe  
  43  3:43  Blink (Chrono Boost)  
  43  3:44  Probe  
  44  3:51  Gateway  
  44  3:52  Gateway  
  44  3:57  Observer (Chrono Boost), Probe x2  
  47  4:07  Gateway  
  47  4:08  Assimilator  
  47  4:12  Probe, Gateway  
  47  4:14  Probe  
  49  4:24  Probe  
  49  4:26  Pylon  
  49  4:27  Gateway  
  50  4:32  Warp Prism (Chrono Boost)  
  49  4:45  Probe  
  49  4:46  Probe  
  49  4:49  Pylon  
  51  4:55  Stalker  
  51  4:58  Probe x2  
  51  4:59  Gateway  
  55  5:10  Probe  
  56  5:28  Pylon  
  56  5:30  Stalker x4  
  56  5:31  Stalker  
  56  5:33  Pylon  
  66  5:38  Stalker  
  66  5:42  Gateway  
  68  5:53  Stalker x3  
  68  5:54  Stalker  
  76  6:20  Stalker x4  
  76  6:21  Stalker x2  
  72  6:55  Stalker x4  
  72  6:56  Stalker x2  
Show
View Real Time Build Order
Export as new Build Order

Erik Terran 

Build Orders: Reaper Expand 

Get SALT Encoding   

  12  0:00  SCV  
  13  0:12  SCV  
  14  0:18  Supply Depot  
  14  0:24  SCV  
  15  0:35  Refinery  
  15  0:40  SCV  
  16  0:44  Barracks  
  16  0:52  SCV  
  17  1:04  SCV  
  18  1:16  SCV  
  19  1:31  Orbital Command  
  19  1:32  Reaper  
  20  1:42  Command Center  
  20  1:47  Refinery  
  20  1:58  Factory  
  20  2:03  SCV  
  21  2:12  Supply Depot  
  21  2:15  SCV  
  22  2:19  Barracks Reactor  
  22  2:27  SCV  
  23  2:39  SCV  
  23  2:42  Starport, Widow Mine  
  26  2:51  SCV  
  26  2:55  Marine x2  
  30  3:03  SCV  
  30  3:05  Orbital Command  
  29  3:10  Widow Mine  
  31  3:13  Marine x2  
  31  3:17  SCV  
  31  3:18  Medivac  
  36  3:29  SCV  
  37  3:35  SCV  
  38  3:41  SCV  
  38  3:42  Barracks Tech Lab  
  38  3:47  SCV  
  40  3:49  Hellion x2  
  40  3:53  SCV  
  45  3:57  Supply Depot  
  45  3:58  Supply Depot  
  45  3:59  SCV  
  46  4:08  Barracks  
  46  4:13  Barracks  
  46  4:18  SCV x2, Raven  
  46  4:21  Marine x2  
  52  4:30  SCV x2  
  52  4:31  Supply Depot  
  54  4:33  Engineering Bay  
  54  4:43  SCV x2  
  52  4:48  Marine  
  52  4:49  Marine, Widow Mine  
  56  4:55  SCV x2  
  56  4:56  Barracks Tech Lab  
  58  5:00  Bunker  
  58  5:03  Raven  
  58  5:04  Barracks Tech Lab  
  58  5:06  Marine  
  61  5:07  SCV x2  
  61  5:09  Marine  
  62  5:18  Marine  
  62  5:19  SCV x2  
  65  5:23  Marauder  
  65  5:24  Marine, Concussive Shells  
  66  5:28  Widow Mine  
  66  5:31  SCV x2  
  66  5:33  Supply Depot  
  66  5:35  Refinery, Supply Depot  
  70  5:37  Refinery  
  70  5:46  SCV x2  
  70  5:54  Marine  
  70  5:55  Marauder  
  72  5:58  SCV x2  
  72  6:06  Marauder  
  72  6:10  Marine, SCV x2  
  74  6:16  Marauder  
  74  6:17  Medivac  
  67  6:23  SCV  
  63  6:27  Marauder, Marine  
  60  6:38  Marauder  
  51  6:45  Marine  
Tags
 
Add a new tag
Caveats
  • Supply blocks, unpowered buildings, or Contaminate may cause inaccurate times.
  • Supply counts are checked every 10 seconds.